 Dungeon Crawl Stone Soup version 0.18-a0-1637-g109f206 (webtiles) character file.

193 4thArraOfDagon the Cudgeler (level 5, -2/57 HPs)
             Began as an Ogre Berserker on Mar 26, 2016.
             Was a Believer of Trog.
             Slain by an orc
             ... wielding a +0 whip
              (3 damage)
             ... while paralysed
             ... on level 4 of the Dungeon.
             The game lasted 00:04:21 (744 turns).

4thArraOfDagon the Cudgeler (Ogre Berserker)         Turns: 744, Time: 00:04:22

Health: -2/57      AC:  3    Str: 27    XL:     5   Next: 72%
Magic:  5/5        EV:  1    Int:  6    God:    Trog [**....]
Gold:   111        SH:  0    Dex: 13    Spells: 0 memorised, 4 levels left

rFire  . . .     SeeInvis .     q - +0 giant club
rCold  . . .     Gourm    .     b - +0 animal skin
rNeg   . . .     Faith    .     (shield currently unavailable)
rPois  .         Spirit   .     (helmet restricted)
rElec  .         Dismiss  .     (no cloak)
rCorr  .         Reflect  .     (gloves unavailable)
SustAt .         Harm     .     (boots unavailable)
MR     ++...                    (no amulet)
Stlth  +.........               n - +4 ring of dexterity
                                i - +4 ring of strength

@: paralysed, exhausted, regenerating, slowed, very resistant to hostile
enchantments, very unstealthy
A: unfitting armour, tough skin 1
a: Berserk, Trog's Hand, Burn Spellbooks, Renounce Religion


You were on level 4 of the Dungeon.
You worshipped Trog.
Trog was pleased with you.
You were very hungry.

You visited 1 branch of the dungeon, and saw 4 of its levels.

You collected 111 gold pieces.

Inventory:

Hand Weapons
 a - a +0 mace
 q - a +0 giant club (weapon)
Armour
 b - a +0 animal skin (worn)
Jewellery
 i - a +4 ring of strength (left hand)
 m - an uncursed ring of positive energy
 n - a +4 ring of dexterity (right hand)
 o - an uncursed ring of wizardry
Scrolls
 d - a scroll of magic mapping {unknown}
 g - 3 scrolls of remove curse {unknown}
 h - 2 scrolls of enchant armour {unknown}
 p - a scroll of recharging {unknown}
Potions
 e - a potion of degeneration {unknown}
 k - a potion of invisibility {unknown}
 l - a potion of mutation {unknown}
Comestibles
 c - 2 bread rations
 j - a slice of pizza


   Skills:
 - Level 5.3 Fighting
 * Level 5.9 Maces & Flails
 + Level 1.6 Armour
 - Level 3.4 Dodging


You had 4 spell levels left.
You didn't know any spells.

Dungeon Overview and Level Annotations

Branches:
Dungeon (4/15)             Temple (0/1) D:4

Altars:
Kikubaaqudgha


Innate Abilities, Weirdness & Mutations

You are too large for most types of armour.
You have tough skin (AC +1).


Message History

The orc closely misses you. The giant gecko barely misses you.
Something hits you.
* * * LOW HITPOINT WARNING * * *
A giant cockroach comes into view.
Unknown command.
Unknown command.
Enter note: ROTFL Unknown command.
You are no longer berserk.
You pass out from exhaustion.
You feel yourself slow down.
You are feeling very hungry.
The orc hits you but does no damage.
Found a staircase to the Ecumenical Temple.
The orc hits you with a flail.
* * * LOW HITPOINT WARNING * * *
The giant gecko bites you.
* * * LOW HITPOINT WARNING * * *
The orc hits you but does no damage. The orc hits you with a whip.
You die...

.. #. ... #.. . ....
##.### .##.. ....#. ..s.
. ....###.##### ..⌠
#.....$....
.....#oolo..####+####.
>......@....#.........#.
.....#..o.(...........#.
..⌠. #.....(..........#.
.. ...................#.
...########.........#.
#.# #.........#. #.
#........)## #
#..........'
##'#.#######


You could see 4 orcs, a giant gecko and a giant cockroach.

Vanquished Creatures
  An ogre (D:4)
  Ijyb (D:3)
  3 adders
  2 worms (D:2)
  A dart slug (D:3)
  2 giant geckos (D:2)
  2 orcs
  6 bats
  4 goblins
  5 hobgoblins
  9 jackals
  A giant newt (D:2)
  5 kobolds
  2 rats
44 creatures vanquished.

Notes
Turn   | Place    | Note
--------------------------------------------------------------
     0 | D:1      | 4thArraOfDagon the Ogre Berserker began the quest for the Orb.
     0 | D:1      | Reached XP level 1. HP: 24/24 MP: 1/1
    82 | D:1      | Reached XP level 2. HP: 32/32 MP: 2/2
   191 | D:2      | Reached XP level 3. HP: 31/40 MP: 3/3
   337 | D:3      | Reached ** piety under Trog
   340 | D:3      | Reached skill level 1 in Armour
   342 | D:3      | Reached XP level 4. HP: 49/49 MP: 4/4
   361 | D:3      | Noticed Ijyb
   403 | D:3      | Killed Ijyb
   403 | D:3      | Reached skill level 5 in Maces & Flails
   642 | D:3      | Found an ancient bone altar of Kikubaaqudgha.
   663 | D:3      | Reached skill level 5 in Fighting
   679 | D:4      | Noticed an ogre
   688 | D:4      | Killed an ogre
   688 | D:4      | Reached XP level 5. HP: 20/57 MP: 5/5
   743 | D:4      | ROTFL
   743 | D:4      | Found a staircase to the Ecumenical Temple.
   744 | D:4      | HP: 1/57 [giant gecko (4)]
   744 | D:4      | Slain by an orc

Vault maps used:
D:1:      onia_arrival_pentagram
D:2:      uniq_natasha
D:3:      kiku_gazebo_garden_becter, nicolae_overflow_hidden_temple, uniq_iyjb
D:4:      minmay_temple_entry_large_hall, first_bread, uniq_eustachio

Skill      XL: |  1  2  3  4 |
---------------+-------------+-----
Dodging        | 3 |  3.4
Armour         | 1 |  1.6
Maces & Flails | 5 |  5.9
Fighting       | 5 |  5.3

Action                   |  1- 3 |  4- 6 || total
-------------------------+-------+-------++-------
Melee: Mace              |    62 |    54 ||   116
       Giant club        |       |     8 ||     8
Invok: Berserk           |     4 |     4 ||     8
       Trog's Hand       |       |     2 ||     2
  Eat: Chunk             |     1 |     6 ||     7
